 Dungeon Crawl Stone Soup version 0.14-a0-1663-g0b35444 (webtiles) character file.

12594 Jenx the Bludgeoner (level 11, -5/92 (94) HPs)
             Began as a Minotaur Fighter on Dec 28, 2013.
             Was an Elder of Okawaru.
             Slain by a goliath beetle (12 damage)
             ... on Level 10 of the Dungeon on Dec 29, 2013.
             The game lasted 00:37:16 (9360 turns).

Jenx the Bludgeoner (Minotaur Fighter)              Turns: 9360, Time: 00:37:17

HP  -5/92 (94)   AC 15     Str 21      XL: 11   Next: 62%
MP  10/12        EV  5     Int  5      God: Okawaru [****..]
Gold 175         SH 25     Dex 13      Spells:  0 memorised, 10 levels left

rFire  . . .     SeeInvis .     a - +1,-1 mace
rCold  . . .     Clarity  .     K - +0 orc plate armour
rNeg   . . .     Conserve .     c - +0 shield (curse)
rPois  .         rCorr    .     (helmet restricted)
rElec  .         rRot     .     (no cloak)
SustAb . .       Spirit   .     (no gloves)
rMut   .         Warding  .     (no boots)
Saprov . . .     Stasis   .     (no amulet)
                                (no ring)
                                (no ring)

@: heroism, somewhat resistant to hostile enchantments, extremely unstealthy
A: retaliatory headbutt, horns 2
a: Heroism, Renounce Religion


You were on level 10 of the Dungeon.
You worshipped Okawaru.
Okawaru was greatly pleased with you.
You were not hungry.

You visited 3 branches of the dungeon, and saw 12 of its levels.
You also visited: Ossuary.

You collected 483 gold pieces.
You spent 308 gold pieces at shops.

Inventory:

Hand weapons
 a - a +1,-1 mace (weapon)
Missiles
 l - 6 needles of paralysis
 p - 4 needles of sleeping
 A - 12 silver darts (quivered)
Armour
 c - a cursed +0 shield (worn)
 K - a +0 orcish plate armour (worn)
Magical devices
 b - a wand of paralysis (5)
 e - a wand of paralysis (9)
 g - a wand of magic darts (18)
 t - a wand of confusion (5)
 v - a wand of fire (8) {unknown}
 z - a wand of enslavement (15) {unknown}
Comestibles
 d - 11 bread rations
 m - a choko
 r - 2 meat rations
 E - 5 beef jerkies
 I - 11 grapes
 M - a chunk of worm flesh
Scrolls
 h - a scroll of summoning {unknown}
 i - a scroll of random uselessness {unknown}
 j - 3 scrolls of teleportation
 k - 2 scrolls of enchant weapon I
 o - a scroll of fog
 q - 2 scrolls of magic mapping
 u - a scroll of noise {unknown}
 w - 2 scrolls of remove curse
 y - 3 scrolls of enchant armour
 C - a scroll of immolation {unknown}
 G - a scroll of amnesia {unknown}
 H - 2 scrolls of identify
 L - a scroll of blinking
Potions
 f - 4 potions of restore abilities
 s - 4 potions of cure mutation
 x - 5 potions of curing
 B - a potion of paralysis {unknown}
 F - a potion of resistance
 J - 2 potions of magic
Rods
 D - a -3 rod of inaccuracy (14/14)
   (You took it off an orc wizard on level 8 of the Dungeon)


   Skills:
 + Level 8.2(13.2) Fighting
 - Level 17.4(22.4) Maces & Flails
 - Level 6.6(11.6) Armour
 - Level 6.6(11.6) Shields
 - Level 4.4 Invocations


You had 10 spell levels left.
You didn't know any spells.

Dungeon Overview and Level Annotations

Branches:
Dungeon (10/16)            Temple (1/1) D:5            Lair (1/8) D:8
    Orc: D:9-12

Altars:
Ashenzari
Cheibriados
Elyvilon
Fedhas
Kikubaaqudgha
Makhleb
Nemelex Xobeh
Okawaru
Sif Muna
Trog
Vehumet
Xom
Yredelemnul
Zin
the Shining One

Shops:
D:8 ?

Annotations:
D:8 728 gp - scroll of aquirement


Innate Abilities, Weirdness & Mutations

You reflexively headbutt those who attack you in melee.
You have a pair of horns on your head.


Message History

You hit the troll but do no damage. Your headbutt misses the troll.
The troll is severely wounded.
The goliath beetle bites you but does no damage.
Use which ability? (? or * to list)
You gain the combat prowess of a mighty hero.
You feel slightly more hungry. The troll bites you!
* * * LOW HITPOINT WARNING * * *
The troll claws you but does no damage. You block the troll's attack.
You hit the troll but do no damage.
The troll is severely wounded.
You block the troll's attack. The troll claws you.
* * * LOW HITPOINT WARNING * * *
You block the troll's attack.
You barely miss the troll.
The troll is heavily wounded.
The troll bites you!
* * * LOW HITPOINT WARNING * * *
The troll claws you but does no damage. You block the troll's attack.
The goliath beetle bites you!
You die...

..........#
l..........+
...........#
...........#
.........(..#
........<...#
...######...######
#B........
#@#+###### #T# #.#
..# ...# ###.# +.#
#.. #..


You could see a goliath beetle and a troll.

Vanquished Creatures
  A spiny frog (Lair:1)
  A troll (D:9)
  A two-headed ogre (D:8)
  14 yaks
  A hippogriff (D:7)
  Menkaure (D:6)
  A porcupine (Lair:1)
  4 ice beasts
  2 orc warriors
  5 ogres
  3 necrophages
  A centaur (D:9)
  3 phantoms
  A warg (D:8)
  Sigmund (D:5)
  2 giant frogs
  2 agate snails
  A cyclops zombie (D:10)
  6 killer bees (D:7)
  A wight (D:8)
  A yak skeleton (D:7)
  3 crimson imps (D:7)
  2 human zombies (Ossuary)
  A jelly (D:5)
  4 centaur zombies (Ossuary)
  A water moccasin zombie (D:9)
  5 hounds
  2 orc priests (D:8)
  3 scorpions
  A centaur skeleton (D:5)
  2 iguanas
  3 orc wizards
  3 worker ants
  Ijyb (D:5)
  An ogre zombie (D:8)
  2 big kobold zombies (Ossuary)
  A hound zombie (D:5)
  A hound skeleton (D:7)
  3 mummies
  A worker ant zombie (D:5)
  4 gnolls (D:6)
  2 adders
  3 worms
  An adder skeleton (D:4)
  An adder zombie (Ossuary)
  6 giant geckos
  18 orcs
  A bat skeleton (D:4)
  13 goblins
  15 hobgoblins
  6 jackals
  9 kobolds
  2 quokkas
  4 ball pythons
  14 bats
  5 giant cockroaches
  5 giant newts
  2 goblin zombies (Ossuary)
  9 hobgoblin zombies (Ossuary)
  9 kobold zombies (Ossuary)
  8 orc zombies (Ossuary)
  20 rats
250 creatures vanquished.

Notes
Turn   | Place    | Note
--------------------------------------------------------------
     0 | D:1      | Jenx, the Minotaur Fighter, began the quest for the Orb.
     0 | D:1      | Reached XP level 1. HP: 19/19 MP: 1/1
   101 | D:1      | Reached XP level 2. HP: 26/26 MP: 1/1
   474 | D:1      | Reached skill level 4 in Maces & Flails
   854 | D:2      | Reached XP level 3. HP: 31/31 MP: 2/2
  1334 | D:3      | Found a white marble altar of Elyvilon.
  1348 | D:3      | Became a worshipper of Elyvilon the Healer
  1800 | D:4      | Reached skill level 5 in Maces & Flails
  1800 | D:4      | Reached XP level 4. HP: 6/39 MP: 0/2
  2209 | D:4      | Reached skill level 6 in Maces & Flails
  2297 | D:4      | Reached XP level 5. HP: 32/45 MP: 2/2
  2574 | D:4      | Found a blossoming altar of Fedhas.
  2612 | D:5      | Entered Level 5 of the Dungeon
  2679 | D:5      | Reached skill level 7 in Maces & Flails
  2733 | D:5      | Reached XP level 6. HP: 46/51 MP: 3/3
  2852 | D:5      | Reached skill level 8 in Maces & Flails
  2866 | D:5      | Noticed an ogre
  2882 | D:5      | Killed an ogre
  3048 | D:5      | Noticed Sigmund
  3058 | D:5      | Killed Sigmund
  3058 | D:5      | Reached skill level 9 in Maces & Flails
  3134 | D:5      | Found a staircase to the Ecumenical Temple.
  3140 | Temple   | Entered the Ecumenical Temple
  3328 | Temple   | Fell from the grace of Elyvilon
  3328 | Temple   | Became a worshipper of Warmaster Okawaru
  3553 | D:5      | Noticed an ogre
  3555 | D:5      | Noticed Ijyb
  3565 | D:5      | Killed an ogre
  3565 | D:5      | Reached XP level 7. HP: 29/57 MP: 3/3
  3592 | D:5      | Killed Ijyb
  4199 | D:6      | Reached skill level 10 in Maces & Flails
  4547 | D:6      | Found a shattered altar of Ashenzari.
  4547 | D:6      | Found a glowing silver altar of Zin.
  4872 | D:6      | Reached skill level 11 in Maces & Flails
  4872 | D:6      | Reached XP level 8. HP: 21/64 MP: 3/3
  5041 | D:6      | Noticed Menkaure
  5057 | D:6      | Killed Menkaure
  5057 | D:6      | Acquired Okawaru's first power
  5323 | D:6      | Reached skill level 12 in Maces & Flails
  5726 | D:7      | Reached skill level 13 in Maces & Flails
  5847 | D:7      | Found a burning altar of Makhleb.
  6048 | D:7      | Reached XP level 9. HP: 64/68 MP: 4/4
  6145 | D:7      | Reached skill level 14 in Maces & Flails
  6778 | D:8      | Found a sand-covered staircase.
  6786 | D:8      | Found a staircase to the Lair.
  6788 | Ossuary  | Entered an ossuary
  6968 | Ossuary  | Reached skill level 15 in Maces & Flails
  7291 | Lair:1   | Entered Level 1 of the Lair of Beasts
  7362 | Lair:1   | Reached skill level 16 in Maces & Flails
  7370 | Lair:1   | Reached XP level 10. HP: 23/75 MP: 4/4
  7528 | Lair:1   | Noticed a spiny frog
  7571 | Lair:1   | Killed a spiny frog
  7608 | Lair:1   | HP: 2/75 [yak (9)]
  7632 | Lair:1   | HP: 1/75 [yak (8)]
  7658 | Lair:1   | Reached skill level 17 in Maces & Flails
  7744 | Lair:1   | Noticed a six-headed hydra
  8177 | D:8      | Found Eluoh's Magic Scroll Shop.
  8180 | D:8      | Bought a scroll of enchant armour for 77 gold pieces
  8180 | D:8      | Bought a scroll of blinking for 77 gold pieces
  8180 | D:8      | Bought a scroll of teleportation for 42 gold pieces
  8180 | D:8      | Bought 3 scrolls of identify for 84 gold pieces
  8180 | D:8      | Bought a scroll of identify for 28 gold pieces
  8206 | D:8      | Reached XP level 11. HP: 36/89 MP: 2/12
  9302 | D:10     | Entered Level 10 of the Dungeon
  9360 | D:10     | Slain by a goliath beetle

Action                   |  1- 3 |  4- 6 |  7- 9 | 10-12 || total
-------------------------+-------+-------+-------+-------++-------
Melee: Mace              |   100 |   110 |   528 |   308 ||  1046
Throw: Dart              |       |    10 |     3 |       ||    13
       Tomahawk          |       |       |     1 |     2 ||     3
Invok: Lesser Healing    |     2 |     6 |       |       ||     8
       Heroism           |       |       |     5 |     3 ||     8
Evoke: Wand              |       |       |     5 |     7 ||    12
  Use: Scroll            |     8 |       |     7 |     5 ||    20
       Potion            |       |     1 |     6 |     9 ||    16
 Stab: Paralysed         |       |       |       |     3 ||     3
